 Dungeon Crawl Stone Soup version 0.23.2-40-g277498a001 (webtiles) character file.

Game seed: 1995588218494190158

49429 Amplified the Fighter (level 14, -1/118 HPs)
             Began as a Mummy Artificer on Sept 25, 2019.
             Was an Initiate of Gozag.
             Killed from afar by a wizard (30 damage)
             ... with a bolt of lightning
             ... on level 15 of the Dungeon.
             The game lasted 00:48:38 (29237 turns).

Amplified the Fighter (Mummy Artificer)            Turns: 29237, Time: 00:48:39

Health: -1/118     AC: 11    Str: 24    XL:     14   Next: 16%
Magic:  25/25      EV: 16    Int: 14    God:    Gozag
Gold:   1061       SH:  0    Dex: 13    Spells: 22/28 levels left

rFire    + . .     SeeInvis +   h - +6 dagger (venom)
rCold    + + +     Gourm    .   (no shield)
rNeg     + + +     Faith    .   b - +0 leather armour
rPois    ∞         Spirit   .   i - +2 helmet
rElec    .         Reflect  .   f - scarf {rC+ rF+}
rCorr    .         Harm     .   (no gloves)
MR       +....                  a - +2 pair of boots
Stlth    ++++......             (no amulet)
HPRegen  0.29/turn              w - ring "Deunen" {rF+ rC+ AC+1 Str+3}
MPRegen  0.19/turn              p - ring "Uqumaz" {rPois Str+5 Slay+5 SInv}

@: no status effects
A: no food or potions, fire vulnerability, cold resistance 1, negative energy
resistance 3, torment resistance, unbreathing, in touch with death 1
a: Potion Petition, Call Merchant, Bribe Branch, Renounce Religion


You were on level 15 of the Dungeon.
You worshipped Gozag.
Gozag was most pleased with you.
You were not hungry.

You visited 5 branches of the dungeon, and saw 22 of its levels.
You also visited: Ossuary and Gauntlet.

You collected 6326 gold pieces.
You spent 1777 gold pieces at shops.
You paid 3488 gold pieces to Gozag.

Inventory:

Hand Weapons
 h - a +6 dagger of venom (weapon)
 s - the +4 great sword of Truncation {elec, rC+ MR+++ Stlth-}
   (You bought it in a shop on level 1 of the Lair of Beasts)

   Occasionally, upon striking a foe, it will discharge some electrical energy
   and cause terrible harm.
   It protects you from cold.
   It affects your resistance to hostile enchantments.
   It makes you less stealthy.
 x - a +3 demon blade of flaming
Missiles
 g - 117 sling bullets
 o - 4 needles of sleeping
 C - 8 curare-tipped needles
Armour
 a - a +2 pair of boots (worn)
 b - a +0 leather armour (worn)
 f - a scarf of resistance (worn)
 i - a +2 helmet (worn)
 j - a scarf of cloud immunity
 q - a cursed +0 buckler
 J - a +7 plate armour of ponderousness
Magical Staves
 u - an uncursed staff of fire
 E - an uncursed staff of energy {unknown}
 F - an uncursed staff of conjuration {unknown}
 G - an uncursed staff of poison {unknown}
Jewellery
 n - an uncursed ring of stealth
 p - the ring "Uqumaz" (right hand) {rPois Str+5 Slay+5 SInv}
   (You found it on level 5 of the Dungeon)

   [ring of poison resistance]

   It affects your strength (+5).
   It affects your accuracy and damage with ranged weapons and melee attacks
   (+5).
   It protects you from poison.
   It lets you see invisible.
 v - an uncursed ring of see invisible
 w - the ring "Deunen" (left hand) {rF+ rC+ AC+1 Str+3}
   (You bought it in a shop on level 1 of the Lair of Beasts)

   [ring of protection]

   It affects your AC (+1).
   It affects your strength (+3).
   It protects you from fire.
   It protects you from cold.
 H - an uncursed ring of protection from cold
Wands
 c - a wand of flame (34)
 d - a wand of enslavement (10)
 e - a wand of random effects (33)
 z - a wand of polymorph (9)
 A - a wand of digging (5)
 B - a wand of iceblast (7)
 I - a wand of scattershot (2)
Scrolls
 k - 7 scrolls of fog
 m - 2 scrolls of remove curse
 r - 3 scrolls of amnesia
 t - 2 scrolls of fear
 y - a scroll of identify
Miscellaneous
 l - a lightning rod (4/4)


   Skills:
 * Level 13.1 Fighting
 - Level 10.0 Short Blades
 * Level 6.8 Armour
 * Level 7.2 Dodging
 - Level 10.8 Stealth
 * Level 7.9 Spellcasting
 - Level 2.4 Evocations


You had 22 spell levels left.
You knew the following spells:

 Your Spells              Type           Power        Failure   Level  Hunger
a - Passwall              Tmut/Erth      #.......     22%         2    N/A
b - Confusing Touch       Hex            #.....       14%         1    N/A
c - Spectral Weapon       Hex/Chrm       #.......     41%         3    N/A

Your spell library contained the following spells:

 Spells                   Type           Power        Failure   Level  Hunger
 Infusion                 Chrm           #...         14%         1    N/A
 Magic Dart               Conj           #...         14%         1    N/A
 Sandblast                Erth           #.....       14%         1    N/A
 Shock                    Conj/Air       #...         14%         1    N/A
 Searing Ray              Conj           #.....       22%         2    N/A
 Shroud of Golubria       Chrm/Tloc      #.........   22%         2    N/A
 Song of Slaying          Chrm           #.......     22%         2    N/A
 Swiftness                Chrm/Air       #.......     22%         2    N/A
 Confuse                  Hex            #.......     41%         3    N/A
 Dazzling Spray           Conj/Hex       #.....       41%         3    N/A
 Gell's Gravitas          Tloc           #.........   41%         3    N/A
 Static Discharge         Conj/Air       #.......     41%         3    N/A
 Stone Arrow              Conj/Erth      #.....       41%         3    N/A
 Airstrike                Air            #.........   82%         4    N/A
 Force Lance              Conj/Tloc      #.......     82%         4    N/A
 Fulminant Prism          Conj/Hex       #.........   82%         4    N/A
 Iskenderun's Mystic Bla  Conj           #.......     82%         4    N/A
 Petrify                  Tmut/Erth      #.......     82%         4    N/A
 Summon Lightning Spire   Summ/Air       #.......     82%         4    N/A
 Lee's Rapid Deconstruct  Erth           #.........   99%         5    N/A
 Lightning Bolt           Conj/Air       #.........   99%         5    N/A
 Metabolic Englaciation   Hex/Ice        #.........   99%         5    N/A
 Silence                  Hex/Air        #.........   99%         5    N/A
 Yara's Violent Unravell  Hex/Tmut       #.........   99%         5    N/A
 Conjure Ball Lightning   Conj/Air       #.........   100%        6    N/A
 Deflect Missiles         Chrm/Air       #.........   100%        6    N/A
 Tornado                  Air            #.........   100%        9    N/A
 Regeneration             Chrm/Necr      Unusable     N/A         3    N/A

Dungeon Overview and Level Annotations

Branches:
Dungeon (15/15)            Temple (1/1) D:4            Lair (3/6) D:11
  Swamp (0/4) Lair:2       Spider (0/4) Lair:2          Orc (2/2) D:11
    Elf (1/3) Orc:2        Vaults (0/5) D:14
 Depths: D:15

Altars:
Ashenzari
Cheibriados
Dithmenos
Elyvilon
Fedhas
Gozag
Hepliaklqana
Kikubaaqudgha
Makhleb
Nemelex Xobeh
Okawaru
Qazlal
Ru
Sif Muna
Trog
Uskayaw
Vehumet
Wu Jian
Xom
Yredelemnul
Zin
The Shining One
Beogh

Shops:
D:5 !   D:8 *   Orc:2 }![%   Lair:1 *


Innate Abilities, Weirdness & Mutations

You do not eat or drink.
Your flesh is vulnerable to fire.
You are immune to poison.
Your flesh is cold resistant. (rC+)
You are immune to negative energy. (rN+++)
You are immune to unholy pain and torment.
You can survive without breathing.
You are in touch with the powers of death.


Message History

You see here an arrow.
The centaur warrior shoots an arrow.
The arrow hits you but does no damage.
You climb downwards.
A manticore, 2 slime creatures, a big kobold, a wizard and a crimson imp come into view.
Found a ration and a flail.
Found a stone staircase leading up.
There is a stone staircase leading up here.
Unknown command.
Okay, then.
The slime creature quivers. 2 slime creatures and an ogre come into view.
The slime creature quivers.
The crimson imp shouts!
The slime creature quivers.
Found 15 gold pieces and a glowing yellow potion.
Found a stone staircase leading up.
Found 16 gold pieces.
The wizard gestures at you while chanting.
The bolt of lightning hits you!!
You die...
Your body crumbles into a pile of gold.

...#...####....
$..............
.......!....<...
....J............
.)..J.............
$
....J.............
......p...........
..........@.......
......5...........
....J.............
..............^...
.......<..........
..................
................$.
........H.....%...
..................


You could see 4 slime creatures, a manticore, a wizard and a crimson imp.

Vanquished Creatures
  Josephine (Orc:1)
  Erolcha (D:13)
  A vault guard (D:14)
  Harold (D:9)
  3 hydras
  2 centaur warriors
  5 two-headed ogres
  6 orc high priests
  Nergalle (Lair:2)
  A fire crab (Gauntlet)
  3 sixfirhies (Gauntlet)
  3 unseen horrors
  8 orc knights (Orc:2)
  An orc sorcerer (Orc:1)
  2 manticores
  2 cyclopes
  A centaur zombie (D:13)
  Psyche (D:8)
  2 spiny frogs
  2 centaur skeletons
  2 komodo dragons (Lair:1)
  5 trolls
  Grum (D:8)
  A bog body (Lair:2)
  9 hippogriffs
  A centaur simulacrum (Gauntlet)
  5 wraiths
  A redback (Lair:2)
  2 fire bats (Gauntlet)
  15 yaks
  6 basilisks
  2 hungry ghosts
  4 jellies
  An acid dragon (D:13)
  3 wargs
  3 water moccasins
  4 porcupines
  6 ice beasts
  4 sky beasts
  An eye of draining (D:12)
  37 orc warriors
  A hornet zombie (D:7)
  2 black bears
  2 necrophages
  16 ogres
  5 phantoms
  26 wolves
  10 centaurs
  6 crocodiles
  A big kobold (D:9)
  9 bullfrogs
  6 scorpions
  A wyvern skeleton (D:13)
  15 wights
  2 howler monkeys (D:7)
  5 crimson imps
  A wyvern simulacrum (Gauntlet)
  Crazy Yiuf (D:2)
  5 hounds
  35 orc priests
  20 orc wizards
  2 bullfrog skeletons
  7 iguanas
  Jessica (D:3)
  Terence (D:2)
  8 worker ants
  2 bullfrog simulacra (Gauntlet)
  3 hound zombies
  3 hound skeletons
  8 mummies (Ossuary)
  Robin (D:4)
  A worker ant zombie (D:10)
  26 gnolls
  17 adders
  2 howler monkey skeletons
  A shadow imp (D:10)
  2 oozes
  2 adder skeletons
  3 worms
  2 dart slugs
  10 leopard geckos
  107 orcs
  2 ball pythons (D:3)
  14 bats
  4 giant cockroaches
  13 goblins
  11 hobgoblins
  3 jackals (D:2)
  14 kobolds
  3 quokkas
  6 frilled lizards
  A giant cockroach zombie (D:5)
  3 hobgoblin zombies (Ossuary)
  2 kobold zombies (Ossuary)
  A leopard gecko skeleton (D:7)
  A leopard gecko zombie (D:6)
  3 orc zombies (Ossuary)
  2 quokka skeletons
  A quokka zombie (D:5)
  7 rats
  A fungus (D:2)
630 creatures vanquished.

Vanquished Creatures (collateral kills)
  2 orc warriors
  2 black bears (D:11)
  2 wolves (Lair:1)
  An orc wizard (D:8)
7 creatures vanquished.

Vanquished Creatures (others)
  2 porcupines
  2 orc warriors
  A wolf (D:9)
  An ogre (D:8)
  A crocodile (D:11)
  A wight (D:9)
  An orc priest (D:8)
  3 orc wizards (D:8)
  A worker ant (D:8)
  An adder (D:4)
  2 orcs
  A jackal skeleton (D:4)
  11 fungi
  12 plants
40 creatures vanquished.

Grand Total: 677 creatures vanquished

Notes
Turn   | Place    | Note
-------+----------+-------------------------------------------
     0 | D:1      | Amplified the Mummy Artificer began the quest for the Orb.
     0 | D:1      | Reached XP level 1. HP: 15/15 MP: 2/2
   390 | D:1      | Reached skill level 2 in Fighting
   402 | D:1      | Reached XP level 2. HP: 10/22 MP: 3/3
   941 | D:1      | Reached skill level 1 in Short Blades
   984 | D:1      | Reached skill level 1 in Stealth
  1129 | D:1      | Reached XP level 3. HP: 28/28 MP: 4/4
  1371 | D:2      | Noticed Terence
  1386 | D:2      | Killed Terence
  1516 | D:2      | Reached XP level 4. HP: 28/34 MP: 5/5
  2179 | D:2      | Found a runed translucent door.
  2180 | D:2      | Noticed Crazy Yiuf
  2201 | D:2      | Killed Crazy Yiuf
  2523 | D:3      | Reached XP level 5. HP: 39/39 MP: 6/6
  2764 | D:3      | Noticed Jessica
  2772 | D:3      | Killed Jessica
  2825 | D:3      | Found a hazy altar of Hepliaklqana.
  3015 | D:3      | Reached XP level 6. HP: 42/46 MP: 7/7
  3240 | D:4      | Noticed a hippogriff
  3249 | D:4      | Found a staircase to the Ecumenical Temple.
  3270 | Temple   | Entered the Ecumenical Temple
  3559 | Temple   | Became a worshipper of Gozag Ym Sagoz the Greedy
  3677 | D:4      | Noticed Robin
  3684 | D:4      | Killed Robin
  3912 | D:4      | Killed a hippogriff
  3912 | D:4      | Reached XP level 7. HP: 16/51 MP: 8/8
  4455 | D:5      | Entered Level 5 of the Dungeon
  4664 | D:5      | Reached skill level 5 in Stealth
  4689 | D:5      | Got a vibrating golden ring
  4690 | D:5      | Identified the ring "Uqumaz" {rPois Str+5 Slay+5 SInv} (You
                  | found it on level 5 of the Dungeon)
  5111 | D:5      | Reached skill level 3 in Fighting
  5115 | D:5      | Found Kait Vykk's Distillery.
  5289 | D:6      | Reached skill level 5 in Short Blades
  5341 | D:6      | Reached XP level 8. HP: 57/59 MP: 9/9
  5539 | D:6      | Reached skill level 4 in Fighting
  6459 | D:6      | Reached skill level 5 in Fighting
  6488 | D:6      | Found a radiant altar of Vehumet.
  6488 | D:6      | Found a bloodstained altar of Trog.
  6489 | D:6      | Found a white marble altar of Elyvilon.
  6779 | D:6      | Reached XP level 9. HP: 38/68 MP: 10/10
  7527 | D:7      | Reached skill level 6 in Fighting
  7761 | D:7      | Found a sand-covered staircase.
  7770 | Ossuary  | Entered an ossuary
  8368 | D:7      | Reached skill level 7 in Fighting
  8666 | D:7      | Found a burning altar of Makhleb.
  8668 | D:7      | Found a glowing silver altar of Zin.
  8668 | D:7      | Noticed an angel
  8670 | D:7      | Noticed a green death
  9047 | D:8      | Reached XP level 10. HP: 68/79 MP: 11/11
  9796 | D:8      | Found Irosos's General Store.
  9804 | D:8      | Bought a scroll of blinking for 97 gold pieces
  9804 | D:8      | Bought a scroll of teleportation for 39 gold pieces
  9804 | D:8      | Bought a phantom mirror for 390 gold pieces
  9865 | D:8      | Found an ancient bone altar of Kikubaaqudgha.
  9885 | D:8      | Found a shimmering altar of Xom.
 10016 | D:8      | Reached skill level 8 in Fighting
 10131 | D:9      | Noticed Grum
 10132 | D:9      | Noticed Psyche
 10378 | D:8      | Killed Grum
 10391 | D:8      | Killed Psyche
 10425 | D:9      | Noticed Harold
 10427 | D:9      | Noticed an unseen horror
 10454 | D:9      | Killed an unseen horror
 10813 | D:9      | Killed Harold
 10873 | D:9      | Reached skill level 9 in Fighting
 10992 | D:9      | Reached XP level 11. HP: 48/89 MP: 12/12
 11049 | D:9      | Found a sacrificial altar of Ru.
 11092 | D:9      | Noticed a two-headed ogre
 11122 | D:9      | Killed a two-headed ogre
 11688 | D:10     | Entered Level 10 of the Dungeon
 11689 | D:10     | Noticed a two-headed ogre
 11696 | D:10     | Killed a two-headed ogre
 12208 | D:10     | Noticed an unseen horror
 12226 | D:10     | Killed an unseen horror
 12226 | D:10     | Reached skill level 10 in Stealth
 13338 | D:11     | Reached skill level 10 in Fighting
 14144 | D:11     | Found a burning altar of Makhleb.
 14527 | D:11     | Found a staircase to the Lair.
 14711 | D:11     | Found a staircase to the Orcish Mines.
 14725 | Orc:1    | Entered Level 1 of the Orcish Mines
 15027 | Orc:1    | Noticed an orc high priest
 15501 | D:11     | Reached XP level 12. HP: 69/99 MP: 13/13
 15655 | D:12     | Noticed a two-headed ogre
 15698 | D:11     | Killed a two-headed ogre
 15698 | D:11     | Reached skill level 10 in Short Blades
 15841 | Lair:1   | Entered Level 1 of the Lair of Beasts
 15998 | Lair:1   | Bought an ancient great sword for 379 gold pieces
 15998 | Lair:1   | Bought a fine silver ring for 165 gold pieces
 15998 | Lair:1   | Bought a scroll of enchant weapon for 247 gold pieces
 15998 | Lair:1   | Bought a scroll of magic mapping for 115 gold pieces
 15998 | Lair:1   | Bought a scroll of magic mapping for 115 gold pieces
 15998 | Lair:1   | Bought a scroll of fear for 115 gold pieces
 15998 | Lair:1   | Bought a scroll of magic mapping for 115 gold pieces
 15999 | Lair:1   | Identified the ring "Deunen" {rF+ rC+ AC+1 Str+3} (You
                  | bought it in a shop on level 1 of the Lair of Beasts)
 16000 | Lair:1   | Identified the +4 great sword of Truncation {elec, rC+
                  | MR+++ Stlth-} (You bought it in a shop on level 1 of the
                  | Lair of Beasts)
 16113 | Lair:1   | Reached skill level 1 in Armour
 16531 | Lair:1   | Reached skill level 11 in Fighting
 16802 | Lair:1   | Found a sparkling altar of Nemelex Xobeh.
 17795 | Lair:2   | Found a staircase to the Swamp.
 18022 | Lair:2   | Noticed Nergalle
 18026 | Lair:2   | Found a hole to the Spider Nest.
 18042 | Lair:2   | Killed Nergalle
 18897 | Lair:3   | Learned a level 2 spell: Passwall
 18899 | Lair:3   | Learned a level 1 spell: Confusing Touch
 18903 | Lair:3   | Learned a level 3 spell: Spectral Weapon
 18917 | Lair:3   | Noticed a seven-headed hydra
 18959 | Lair:3   | Noticed a five-headed hydra
 19339 | D:11     | Reached skill level 1 in Spellcasting
 19390 | Orc:1    | Killed an orc high priest
 20015 | Orc:2    | Entered Level 2 of the Orcish Mines
 20264 | Orc:2    | Found Puhox's Food Shoppe.
 20371 | Orc:2    | Noticed Josephine
 20403 | Orc:1    | Killed Josephine
 20687 | Orc:2    | Reached skill level 5 in Dodging
 20687 | Orc:2    | Gained mutation: You are in touch with the powers of death.
                  | [Mummy growth]
 20687 | Orc:2    | Reached XP level 13. HP: 88/107 MP: 17/17
 20936 | Orc:2    | Found a staircase to the Elven Halls.
 21153 | Orc:2    | Reached skill level 12 in Fighting
 23032 | Orc:2    | Reached skill level 5 in Armour
 23280 | Orc:2    | Reached skill level 5 in Spellcasting
 24023 | Orc:2    | Found Sosmuc's Gadget Boutique.
 24026 | Orc:2    | Found Guleg's Armour Shop.
 24027 | Orc:2    | Found Ephiucre's Antique Armour Boutique.
 24028 | Orc:2    | Found Cieliyn's Distillery.
 24080 | Elf:1    | Entered Level 1 of the Elven Halls
 24954 | Orc:1    | You fall through a shaft!
 25821 | D:14     | Found a gate leading to a gauntlet.
 25918 | Gauntlet | Entered a Gauntlet
 25918 | Gauntlet | Found a transporter.
 25918 | Gauntlet | Found a transporter.
 25922 | Gauntlet | Found a transporter.
 25922 | Gauntlet | Found a transporter.
 25947 | Gauntlet | Noticed a death ooze
 25952 | Gauntlet | Found a transporter.
 25956 | Gauntlet | Found a transporter.
 25957 | Gauntlet | Found a transporter.
 25959 | Gauntlet | Found a transporter.
 25986 | Gauntlet | Found a transporter.
 26015 | Gauntlet | Found a transporter.
 26053 | Gauntlet | Found a transporter.
 26071 | Gauntlet | Found a transporter.
 26082 | Gauntlet | Found a transporter.
 26158 | Gauntlet | Found a transporter.
 26173 | Gauntlet | Found a transporter.
 26191 | Gauntlet | Found a transporter.
 26812 | Gauntlet | Noticed a minotaur
 26823 | Gauntlet | Got a polished glaive
 27046 | D:14     | Identified the +1 glaive of Gin and Tonic {vamp, rF+} (You
                  | found it in a Gauntlet)
 27296 | D:14     | Found a gate to the Vaults.
 28066 | D:13     | Noticed Erolcha
 28119 | D:13     | Killed Erolcha
 28119 | D:13     | Reached skill level 13 in Fighting
 28119 | D:13     | Reached XP level 14. HP: 81/118 MP: 25/25
 28386 | D:13     | Found a roughly hewn altar of Beogh.
 29233 | D:15     | Entered Level 15 of the Dungeon
 29237 | D:15     | Killed from afar by a wizard

Skill      XL: |  1  2  3  4  5  6  7  8  9 10 11 12 13 14 |
---------------+-------------------------------------------+-----
Fighting       | 2 3 5 7 9 10 11 13 | 13.1
Short Blades   | 1 2 3 4 5 6 7 8 9 10 | 10.0
Stealth        | 1 2 3 4 5 6 8 9 10 | 10.8
Dodging        | 5 6 7 |  7.2
Armour         | 4 6 |  6.8
Spellcasting   | 3 7 |  7.9
Evocations     | |  2.4

Action                   |  1- 3 |  4- 6 |  7- 9 | 10-12 | 13-15 || total
-------------------------+-------+-------+-------+-------+-------++-------
Melee: Short sword       |    57 |       |       |       |       ||    57
       Dagger            |    63 |   193 |   517 |   998 |   686 ||  2457
       Great sword       |       |       |       |     3 |       ||     3
Throw: Throwing net      |       |       |       |     3 |       ||     3
 Cast: Confusing Touch   |       |       |       |       |    22 ||    22
Invok: Potion Petition   |       |       |     1 |     5 |     3 ||     9
       Call Merchant     |       |       |       |     1 |       ||     1
Evoke: Wand              |     3 |     6 |     7 |    32 |    11 ||    59
       Phantom mirror    |       |       |       |     1 |       ||     1
       Lightning rod     |       |       |       |     1 |     1 ||     2
  Use: Scroll            |     2 |     7 |    10 |    14 |    12 ||    45
 Stab: Sleeping          |     1 |     6 |    21 |    38 |     8 ||    74
       Distracted        |       |       |     7 |     7 |     4 ||    18
       Held in net/web   |       |       |       |     3 |       ||     3
       Confused          |       |       |       |       |    19 ||    19
Armor: Leather armour    |    28 |    47 |   113 |   166 |    83 ||   437
Dodge: Dodged            |    61 |    92 |   187 |   400 |   269 ||  1009
